 Dungeon Crawl Stone Soup version 0.17-a0-1655-g88a8506 (webtiles) character file.

165469 PoeticJustice the Impaler (level 17, -4/166 HPs)
             Began as a Minotaur Fighter on Aug 11, 2015.
             Was the Champion of Cheibriados.
             Killed from afar by Aizul (20 damage)
             ... with a bolt of poison
             ... on level 2 of the Shoals on Aug 16, 2015.
             The game lasted 02:52:51 (30471 turns).

PoeticJustice the Impaler (Minotaur Fighter)       Turns: 30471, Time: 02:52:55

Health: -4/166     AC: 29    Str: 41    XL:     17   Next: 27%
Magic:  35/35      EV:  8    Int: 20    God:    Cheibriados [******]
Gold:   2219       SH:  0    Dex: 27    Spells: 0 memorised, 16 levels left

rFire  . . .     SeeInvis +     I - +6 glaive (flame)
rCold  . . .     Clarity  .     k - +2 crystal plate armour
rNeg   . . .     SustAt   .     (no shield)
rPois  .         Gourm    .     A - +1 hat
rElec  .         Spirit   .     r - +0 cloak {+Inv}
rCorr  .         Warding  .     (no gloves)
rMut   .         Stasis   .     (no boots)
MR     +....                    (no amulet)
Stlth  ..........               h - ring of see invisible
                                y - ring of magical power

@: lethally poisoned (-4 -> -12), very slow, somewhat resistant to hostile
enchantments, extremely unstealthy
A: retaliatory headbutt, horns 2, rugged brown scales 1
a: Bend Time, Temporal Distortion, Slouch, Step From Time, Renounce Religion,
Evoke Invisibility


You were on level 2 of the Shoals.
You worshipped Cheibriados.
Cheibriados was exalted by your worship.
You were full.

You visited 4 branches of the dungeon, and saw 29 of its levels.
You visited the Abyss 1 time.
You also visited: Bailey.

You collected 2516 gold pieces.
You spent 297 gold pieces at shops.

Inventory:

Hand weapons
 I - a +6 glaive of flaming (weapon)
Armour
 k - a +2 crystal plate armour (worn)
 r - a +0 cloak of invisibility (worn)
 A - a +1 hat (worn)
 H - a quicksilver dragon armour
Jewellery
 h - a ring of see invisible (right hand)
 y - a ring of magical power (left hand)
Magical devices
 a - a wand of paralysis (15)
 l - a wand of lightning (5)
 m - a wand of heal wounds (6)
 o - a wand of disintegration (10)
 q - a wand of lightning (6)
 u - a wand of cold (5)
 v - a wand of lightning (9)
 D - a wand of teleportation (7)
 E - a wand of digging (13)
 K - a wand of fire (2)
 N - a wand of cold (12)
 O - a wand of cold (7)
 Q - a wand of heal wounds (6)
 U - a wand of polymorph (9)
 V - a wand of polymorph (16)
Scrolls
 g - 3 scrolls of identify
 i - 3 scrolls of magic mapping
 t - 2 scrolls of teleportation
 z - 6 scrolls of remove curse
 B - a scroll of fear
 J - 4 scrolls of summoning
 L - 2 scrolls of holy word
 S - a scroll of blinking
Potions
 c - 2 potions of might
 d - a potion of agility
 s - 3 potions of magic
 F - 2 potions of flight
 G - 4 potions of heal wounds
 R - 7 potions of curing
 T - 5 potions of brilliance
 W - 2 potions of cancellation
Miscellaneous
 n - a crystal ball of energy
 X - a phantom mirror
Comestibles
 e - 9 bread rations
 p - 12 meat rations
 w - 19 fruits


   Skills:
 + Level 17.6 Fighting
 * Level 19.5 Polearms
 - Level 15.2 Armour
   Level 3.6 Shields
 - Level 14.1 Invocations
 - Level 5.0 Evocations


You had 16 spell levels left.
You didn't know any spells.

Dungeon Overview and Level Annotations

Branches:
Dungeon (15/15)            Temple (0/1) D:7            Lair (8/8) D:8
 Shoals (2/4) Lair:4        Snake (0/4) Lair:6        Slime (0/6) Lair:6
    Orc (4/4) D:9             Elf (0/3) Orc:4        Vaults (0/5) D:13
 Depths (0/5) D:15

Altars:
Ashenzari
Cheibriados
Elyvilon
Fedhas
Gozag
Kikubaaqudgha
Makhleb
Nemelex Xobeh
Okawaru
Ru
Trog
Vehumet
Xom
The Shining One
Beogh
Jiyva

Shops:
D:4 %   D:8 (   D:9 }(   D:13 (   Orc:4 *%(

Annotations:
D:7 1 runed door
Shoals:2 Aizul


Innate Abilities, Weirdness & Mutations

You reflexively headbutt those who attack you in melee.
You have a pair of horns on your head.
You are partially covered in rugged brown scales (AC +1, +3% HP).


Message History

You feel sick.
You feel sick.
Aizul coils himself and waves his upper body at you.
The poison arrow hits you!
You are more poisoned.
* * * LOW HITPOINT WARNING * * *
You feel very sick.
Aizul coils himself and waves his upper body at you.
The bolt of poison hits you!
You are more poisoned.
* * * LOW HITPOINT WARNING * * *
Aizul hits you but does no damage.
Drink which item? (? for menu, Esc to quit)
You feel better. Aizul hits you!
* * * LOW HITPOINT WARNING * * *
Aizul says, "Everybody has to sleep sometimes."
Aizul casts a spell at you. The bolt of poison hits you!
You are poisoned.
You die...

≈... #..........
≈≈..##...........
≈≈......≈≈.......
≈≈≈.....≈≈.......
≈≈≈≈≈≈............ #.
≈≈≈≈≈≈≈≈≈...≈..... ..
.≈≈≈≈≈≈≈≈≈≈≈..≈≈≈.... ..
.≈≈≈≈≈≈≈≈≈≈.S.≈≈≈≈...
..≈≈≈≈≈≈≈≈≈≈≈≈.#@.≈≈≈≈≈.
..≈≈≈≈≈≈≈≈≈≈≈.##..≈≈≈≈≈≈
≈≈≈≈≈≈≈≈≈≈≈.....>.≈.≈≈≈≈
≈≈≈...≈≈≈≈≈..(....≈≈≈≈≈≈
≈≈≈≈..≈≈≈.(..(()..≈≈≈≈≈≈
≈≈≈≈≈≈..##(((###.≈≈≈≈≈≈.
≈≈≈≈≈≈..#....###.≈≈≈≈≈≈.
≈≈≈≈≈.........#..≈≈≈≈≈≈.
≈≈≈≈...........#....≈≈≈.


You could see Aizul.

Vanquished Creatures
  A lich (Abyss:1)
  A kraken (Shoals:1)
  Agnes (D:14)
  Frances (D:14)
  Maud (D:14)
  Nessos (Lair:5)
  2 ettins
  A merfolk impaler (Shoals:2)
  Josephine (Lair:4)
  9 hydras
  A merfolk avatar (Shoals:2)
  2 ogre magi
  2 merfolk aquamancers (Shoals:1)
  2 catoblepae
  A centaur warrior (D:13)
  A tengu warrior (D:15)
  A deep troll shaman (Lair:8)
  12 death yaks
  5 orc high priests (Orc:4)
  A fire crab (Lair:8)
  3 skeletal warriors (D:12)
  6 unseen horrors
  4 harpies
  3 sea snakes
  11 orc knights
  Pikel (D:4)
  4 hill giants
  A wolf spider zombie (D:14)
  A salamander (shapeshifter) (D:15)
  2 orc sorcerers (Orc:4)
  7 ugly things
  A water nymph (Shoals:1)
  5 griffons
  5 manticores
  14 elephants
  3 cyclopes
  2 black mambas
  Joseph (D:8)
  22 spiny frogs
  A torpor snail (Lair:7)
  3 gargoyles
  2 kobold demonologists
  2 efreet
  5 fire drakes
  2 freezing wraiths
  A yaktaur (D:15)
  A tengu conjurer (D:15)
  9 komodo dragons
  5 trolls
  3 polar bears
  9 merfolk
  3 wind drakes
  A harpy skeleton (D:14)
  Prince Ribbit (D:4)
  A large abomination (Abyss:1)
  3 slime creatures (D:13)
  2 snapping turtles (Shoals:1)
  2 two-headed ogres
  8 blink frogs
  4 deep elf magi
  8 water elementals
  44 yaks
  A deep elf fighter (D:8)
  A hog (shapeshifter) (D:13)
  2 shadows
  3 hungry ghosts
  2 basilisks (Lair:8)
  4 wraiths
  Grum (D:11)
  3 fire bats (Lair:7)
  A wyvern (D:12)
  3 mottled dragons
  5 hippogriffs
  An insubstantial wisp (Abyss:1)
  2 vampire mosquitoes (D:14)
  Edmund (D:4)
  18 porcupines
  2 wargs (Orc:4)
  31 wolves
  35 water moccasins
  51 orc warriors
  An eye of draining (D:15)
  3 nagas (Lair:6)
  16 centaurs
  3 black bears
  A necrophage (D:6)
  3 wasps
  4 sky beasts
  3 phantoms
  12 ogres
  4 ice beasts
  18 crocodiles
  A brain worm (D:15)
  23 giant frogs
  6 scorpions
  A wyvern skeleton (D:13)
  11 killer bees
  19 wights
  3 crimson imps
  2 giant frog zombies
  A quasit (D:9)
  6 centaur zombies
  7 starcursed masses (Abyss:1)
  3 jellies
  Crazy Yiuf (D:3)
  6 centaur skeletons
  5 hounds
  33 orc priests
  30 orc wizards
  18 worker ants
  14 iguanas
  Terence (D:2)
  Natasha (D:3)
  A killer bee zombie (D:11)
  25 sheep
  A hound zombie (D:6)
  2 hound skeletons (D:6)
  2 worker ant zombies
  4 gnolls (D:5)
  30 adders
  63 river rats
  4 shadow imps
  An adder skeleton (D:6)
  4 worms
  2 giant geckos
  198 orcs
  2 ball pythons
  11 giant cockroaches
  10 goblins
  5 hobgoblins
  12 kobolds
  5 quokkas
  A ball python skeleton (D:4)
  16 bats
  A giant gecko zombie (D:5)
  7 giant newts
  8 jackals
  A jackal zombie (D:5)
  2 quokka skeletons
  19 rats
  A butterfly (D:7)
  4 tentacles (Shoals:1)
1132 creatures vanquished.

Vanquished Creatures (others)
  A griffon (Shoals:2)
  A fire drake (Lair:4)
  A merfolk (Shoals:2)
  Sigmund (D:4)
  A slave (D:4)
  A water moccasin (Lair:7)
  A centaur skeleton (D:4)
  2 hounds (D:4)
  A worker ant (D:14)
  30 fungi
  11 plants
  5 tentacles (Shoals:1)
  402 tentacle segments (Shoals:1)
458 creatures vanquished.

Grand Total: 1590 creatures vanquished

Notes
Turn   | Place    | Note
--------------------------------------------------------------
     0 | D:1      | PoeticJustice the Minotaur Fighter began the quest for the Orb.
     0 | D:1      | Reached XP level 1. HP: 19/19 MP: 0/0
   174 | D:1      | Reached skill level 4 in Fighting
   211 | D:1      | Reached XP level 2. HP: 27/27 MP: 1/1
  1061 | D:2      | Reached XP level 3. HP: 20/35 MP: 2/2
  1062 | D:2      | Reached skill level 5 in Fighting
  1355 | D:2      | Reached XP level 4. HP: 32/42 MP: 3/3
  1356 | D:2      | Noticed Terence
  1368 | D:2      | Killed Terence
  2208 | D:3      | Noticed Crazy Yiuf
  2212 | D:3      | Killed Crazy Yiuf
  2212 | D:3      | Reached skill level 6 in Fighting
  2212 | D:3      | Reached XP level 5. HP: 50/50 MP: 4/4
  2508 | D:3      | Noticed Natasha
  2512 | D:3      | Killed Natasha
  2607 | D:4      | Noticed an ogre
  2619 | D:4      | Killed an ogre
  2619 | D:4      | Reached skill level 5 in Polearms
  2619 | D:4      | Reached XP level 6. HP: 48/57 MP: 5/5
  2629 | D:4      | Gained mutation: You are partially covered in rugged brown scales (AC +1, +3% HP). [potion of beneficial mutation]
  2815 | D:4      | Noticed Edmund
  2831 | D:4      | Killed Edmund
  2831 | D:4      | Reached skill level 1 in Evocations
  3013 | D:4      | Noticed Pikel
  3014 | D:4      | Noticed a slave
  3014 | D:4      | Noticed a slave
  3015 | D:4      | Noticed a slave
  3018 | D:4      | Noticed a slave
  3027 | D:4      | Killed Pikel
  3027 | D:4      | Reached skill level 7 in Polearms
  3027 | D:4      | Reached skill level 5 in Armour
  3027 | D:4      | Reached XP level 7. HP: 56/64 MP: 5/7
  3096 | D:4      | Killed Sigmund
  3104 | D:4      | Reached skill level 8 in Polearms
  3332 | D:4      | Killed a freed slave
  3438 | D:4      | Noticed an ogre
  3446 | D:4      | Killed an ogre
  3446 | D:4      | Reached XP level 8. HP: 52/72 MP: 9/9
  3459 | D:4      | Found Topteap's Food Emporium.
  3632 | D:4      | Reached skill level 9 in Polearms
  3926 | D:5      | Entered Level 5 of the Dungeon
  3930 | D:5      | Noticed Prince Ribbit
  3960 | D:4      | Killed Prince Ribbit
  4400 | D:5      | Reached skill level 10 in Polearms
  4561 | D:5      | Found a snail-covered altar of Cheibriados.
  4575 | D:5      | Became a worshipper of Cheibriados the Contemplative
  4630 | D:5      | Gained mutation: You evolve. [potion of beneficial mutation]
  4637 | D:5      | Reached XP level 9. HP: 43/77 MP: 11/11
  5185 | D:6      | Acquired Cheibriados's first power
  5328 | D:6      | Reached skill level 11 in Polearms
  5377 | D:6      | Gained mutation: Scrolls take you a little longer to read. [evolution]
  5377 | D:6      | Lost mutation: You evolve. [end of evolution]
  5775 | D:6      | Reached skill level 5 in Evocations
  5857 | D:7      | Found a staircase to the Ecumenical Temple.
  6043 | D:7      | Found a runed door.
  6056 | D:7      | Found a runed door.
  6194 | D:7      | Reached skill level 1 in Invocations
  6265 | D:7      | Found a burning altar of Makhleb.
  6489 | D:7      | Reached skill level 12 in Polearms
  6498 | D:7      | Acquired Cheibriados's second power
  6541 | D:8      | Noticed Joseph
  6554 | D:8      | Killed Joseph
  6573 | D:8      | Reached XP level 10. HP: 48/85 MP: 12/12
  6830 | D:8      | Acquired Cheibriados's third power
  6902 | D:8      | Found a staircase to the Lair.
  6925 | D:8      | Got a shimmering spear
  6926 | D:8      | Identified the +0 spear of World's End {flame, +Inv rC- rN+++ Dex-4} (You found it on level 8 of the Dungeon)
  7100 | D:8      | Found Fatzus's Antique Weapon Boutique.
  7219 | Lair:1   | Entered Level 1 of the Lair of Beasts
  7278 | Lair:1   | Reached skill level 5 in Invocations
  7505 | Lair:1   | Gained mutation: Your mind is acute. (Int +2) [potion of mutation]
  7505 | Lair:1   | Gained mutation: Your system is resistant to poisons. [potion of mutation]
  7505 | Lair:1   | Gained mutation: You are frail (-10% HP). [potion of mutation]
  7883 | Lair:1   | Reached skill level 10 in Armour
  8212 | Lair:1   | Reached XP level 11. HP: 47/82 MP: 15/15
  8360 | Lair:1   | Acquired Cheibriados's fourth power
 10237 | Lair:2   | Reached skill level 10 in Invocations
 11002 | Lair:3   | Reached XP level 12. HP: 93/93 MP: 19/19
 12129 | Lair:4   | Found a staircase to the Shoals.
 12434 | Lair:4   | Noticed Josephine
 12449 | Lair:4   | Killed Josephine
 12552 | Lair:4   | Noticed a four-headed hydra
 12560 | Lair:4   | Killed a four-headed hydra
 12570 | Lair:4   | Got a heavily runed chain mail
 12581 | Lair:4   | Identified the +7 chain mail of Awe {SInv} (You found it on level 4 of the Lair of Beasts)
 12675 | Lair:4   | Lost mutation: Your mind is acute. (Int +2) [potion of cure mutation]
 12675 | Lair:4   | Lost mutation: Scrolls take you a little longer to read. [potion of cure mutation]
 12675 | Lair:4   | Lost mutation: Your system is resistant to poisons. [potion of cure mutation]
 12675 | Lair:4   | Lost mutation: You are frail (-10% HP). [potion of cure mutation]
 12715 | Lair:4   | Reached skill level 13 in Invocations
 13032 | Lair:4   | Reached skill level 10 in Fighting
 13367 | Shoals:1 | Entered Level 1 of the Shoals
 13685 | Lair:5   | Noticed Nessos
 13690 | Lair:5   | Killed Nessos
 13725 | Lair:5   | Reached XP level 13. HP: 85/117 MP: 22/22
 14057 | Lair:5   | Identified a scroll of acquirement
 14102 | Lair:5   | Reached skill level 14 in Invocations
 14797 | Lair:6   | Found a viscous altar of Jiyva.
 14797 | Lair:6   | Found a staircase to the Slime Pits.
 14911 | Lair:6   | Found a staircase to the Snake Pit.
 16195 | Lair:8   | Entered Level 8 of the Lair of Beasts
 16286 | Lair:8   | Reached XP level 14. HP: 90/132 MP: 23/23
 17596 | Lair:8   | Upgraded the game from 0.17-a0-1646-geb1493d to 0.17-a0-1655-g88a8506
 17750 | Lair:6   | Reached skill level 15 in Armour
 17997 | D:9      | Found Ritunul's Gadget Emporium.
 18009 | D:9      | Found a staircase to the Orcish Mines.
 18171 | D:9      | Found an ancient bone altar of Kikubaaqudgha.
 18172 | D:9      | Found a bloodstained altar of Trog.
 18179 | D:9      | Found a white marble altar of Elyvilon.
 18179 | D:9      | Found a sparkling altar of Nemelex Xobeh.
 18179 | D:9      | Found a shimmering altar of Xom.
 18180 | D:9      | Found a glowing golden altar of the Shining One.
 18181 | D:9      | Found an iron altar of Okawaru.
 18182 | D:9      | Found a shattered altar of Ashenzari.
 18183 | D:9      | Found a sacrificial altar of Ru.
 18184 | D:9      | Found an opulent altar of Gozag.
 18200 | D:9      | You fall through a shaft!
 18200 | D:10     | Entered Level 10 of the Dungeon
 18944 | D:10     | Reached skill level 15 in Fighting
 19009 | D:9      | Found Egyx's Antique Weapon Shop.
 19019 | D:9      | Bought a glowing glaive for 117 gold pieces
 19285 | D:11     | Cast into the Abyss (an ogre mage)
 19288 | Abyss:1  | Found a corrupted altar of Lugonu.
 19300 | Abyss:1  | Noticed a lich
 19309 | Abyss:1  | Killed a lich
 19452 | D:11     | Escaped the Abyss
 19681 | D:11     | Noticed Grum
 19689 | D:11     | Killed Grum
 19692 | D:11     | Paralysed by a wasp for 3 turns
 20297 | D:12     | Found a flagged portal.
 20312 | Bailey   | Entered a bailey
 20491 | Bailey   | Reached skill level 15 in Polearms
 20491 | Bailey   | Reached XP level 15. HP: 99/145 MP: 24/24
 20502 | Bailey   | Reached XP level 16. HP: 107/153 MP: 25/25
 21608 | D:13     | Reached skill level 16 in Polearms
 21663 | D:13     | Identified the Incunabulum of Venomous Orientation
 22026 | D:13     | Found a gate to the Vaults.
 22103 | D:13     | Found Esajoson's Antique Weapon Shoppe.
 22209 | D:14     | Noticed Maud
 22220 | D:14     | Killed Maud
 22470 | D:14     | Noticed Frances
 22477 | D:14     | Killed Frances
 22756 | D:14     | Reached skill level 17 in Polearms
 22869 | D:14     | Found a radiant altar of Vehumet.
 22899 | D:14     | Noticed Agnes
 22906 | D:14     | Killed Agnes
 23144 | D:15     | Entered Level 15 of the Dungeon
 23162 | D:15     | Found a staircase to the Depths.
 23745 | D:15     | Found a blossoming altar of Fedhas.
 24306 | Orc:1    | Entered Level 1 of the Orcish Mines
 24401 | Orc:1    | Found a bloodstained altar of Trog.
 24599 | Orc:2    | Found a roughly hewn altar of Beogh.
 24826 | Orc:3    | Found a roughly hewn altar of Beogh.
 25417 | Orc:4    | Entered Level 4 of the Orcish Mines
 25566 | Orc:4    | Found a staircase to the Elven Halls.
 25587 | Orc:4    | Found a bloodstained altar of Trog.
 25787 | Orc:4    | Reached skill level 18 in Polearms
 26998 | Orc:4    | Found Soucwaiso's Armour Emporium.
 27275 | Orc:4    | Found Vihuroed's Weapon Emporium.
 27275 | Orc:4    | Found Puelunec's Food Shoppe.
 27276 | Orc:4    | Found Opliedd's General Store.
 27285 | Orc:4    | Bought a meat ration for 60 gold pieces
 27285 | Orc:4    | Bought a meat ration for 60 gold pieces
 27285 | Orc:4    | Bought a meat ration for 60 gold pieces
 27679 | Orc:2    | Reached XP level 17. HP: 139/165 MP: 26/26
 28616 | Shoals:1 | Noticed a merfolk aquamancer
 28623 | Shoals:1 | Killed a merfolk aquamancer
 28635 | Shoals:1 | Reached skill level 19 in Polearms
 30467 | Shoals:2 | Noticed Aizul
 30471 | Shoals:2 | Killed from afar by Aizul

Vault maps used:
D:1:      dpeg_arrival_central
D:2:      first_bread, uniq_terence
D:3:      uniq_natasha, uniq_crazy_yiuf_cottage
D:4:      kennysheep_diamond, uniq_pikel, uniq_edmund, uniq_sigmund
D:5:      slow_altar_1, serial_aquarium, aquarium_bridge_straight,
          aquarium_window_1, aquarium_window_fake, aquarium_window_2,
          aquarium_view_2a, aquarium_view_2c, uniq_prince_ribbit1
D:6:      lemuel_ice_spiral_2, serial_curves, eino_curves_03, eino_curves_03,
          grunt_ministairs_15
D:7:      lemuel_insect_pit, nicolae_overflow_hidden_temple,
          minmay_temple_entry_mist, kennysheep_big_empty_room
D:8:      grunt_lair_entry_elf_guard_hut, serial_shops, shop, uniq_joseph
D:9:      minitemple, orc_0_dummy, serial_shops, shop_fountains,
          kennysheep_mini_moat
D:11:     minmay_ornate_pinched, uniq_grum
D:12:     enter_bailey_2
D:13:     david_vaults_4, serial_shops, nicolae_shop_statue_plus,
          minmay_misc_feat_plants
D:14:     basic_altar, minmay_staircase_statues, serial_corexii_hall,
          corexii_hall_statues_u, corexii_hall_statues_l,
          corexii_hall_statues_x, corexii_hall_statues_i, uniq_maud, uniq_agnes,
          uniq_frances
D:15:     hangedman_depths_entry_civil_slaughter, fedhas_altar_3
Lair:1:   beast_lair_carwin_6, serial_bayou_shore_b
Lair:2:   lemuel_reptile_caves
Lair:3:   beast_lair_carwin_1, serial_bayou_shore_a
Lair:4:   elwin_shoals_entry_rocks, st_stairs_6, minmay_lair_drake_nest,
          uniq_josephine
Lair:5:   lemuel_fruit_tree, uniq_nessos
Lair:6:   guppyfry_snake_entry_garden, dpeg_slime_entry_enclosed_altar,
          grunt_megastairs_4, lemuel_fruit_fields, infiniplex_staircase_pool_2
Lair:7:   nicolae_volcano_entry_batcave
Lair:8:   grunt_lair_end_beastmaster
Shoals:2: portal_ice_cave_entry_ice_statue_02, uniq_aizul, uniq_polyphemus
Orc:1:    trog_butcher_becter
Orc:2:    basic_altar, serial_shops, shop
Orc:3:    basic_altar, nicolae_orc_pool_cavern
Orc:4:    st_orc_pillars, basic_altar
Bailey:   bailey_polearm_5, bailey

Action                   |  1- 3 |  4- 6 |  7- 9 | 10-12 | 13-15 | 16-18 || total
-------------------------+-------+-------+-------+-------+-------+-------++-------
Melee: Trident           |   104 |   127 |   394 |    77 |       |       ||   702
       Spear             |       |       |       |   853 |   874 |       ||  1727
       Glaive            |       |       |       |       |   181 |   777 ||   958
       Halberd           |       |       |       |       |    23 |       ||    23
Invok: Slouch            |       |       |       |     9 |    15 |    10 ||    34
       Step From Time    |       |       |       |       |     1 |       ||     1
Evoke: Wand              |       |       |       |       |    10 |     6 ||    16
  Use: Scroll            |     3 |     6 |     4 |    16 |    16 |    13 ||    58
       Potion            |     1 |     6 |     1 |     8 |     8 |     6 ||    30
 Stab: Petrified         |       |       |       |       |     2 |       ||     2
       Fleeing           |       |       |       |       |     1 |       ||     1
       Invisible         |       |       |       |       |     3 |       ||     3
  Eat: Chunk             |     2 |     2 |     8 |    11 |     9 |       ||    32
       Bread ration      |       |     1 |       |       |       |       ||     1
       Beef jerky        |       |       |       |     1 |     3 |     2 ||     6
       Fruit             |       |       |       |     1 |     2 |    10 ||    13
       Royal jelly       |       |       |       |       |     4 |     2 ||     6
       Pizza             |       |       |       |       |     2 |     1 ||     3
